 Dungeon Crawl Stone Soup version 0.17-a0-1663-gb806841 (webtiles) character file.

1402 kae the Reanimator (level 8, 0/52 HPs)
             Began as a Demonspawn Necromancer on Aug 16, 2015.
             Slain by a wraith (3 damage)
             ... on level 7 of the Dungeon.
             The game lasted 00:09:05 (7013 turns).

kae the Reanimator (Demonspawn Necromancer)         Turns: 7013, Time: 00:09:06

Health: 0/52       AC:  9    Str: 11    XL:     8   Next: 42%
Magic:  25/25      EV: 12    Int: 18    God:
Gold:   307        SH:  2    Dex: 18    Spells: 4 memorised, 9 levels left

rFire  . . .     SeeInvis .     C - +5 mace "Beur" {elec, *Drain rC+ MP+9 Dex+4}
rCold  + + .     Clarity  .     B - +1 robe "Dugiabbo" {Str+2} (curse)
rNeg   . . .     SustAt   .     (no shield)
rPois  .         Gourm    .     G - +1 helmet
rElec  .         Spirit   .     (no cloak)
rCorr  .         Warding  .     k - +1 pair of gloves
rMut   .         Stasis   .     (no boots)
MR     .....                    (no amulet)
Stlth  ++........               (no ring)
                                (no ring)

@: slowed, very slow, not resistant to hostile enchantments, unstealthy
A: talons 2, large bone plates 1, cold resistance 1
a: no special abilities


You were on level 7 of the Dungeon.
You were not hungry.

You visited 2 branches of the dungeon, and saw 8 of its levels.

You collected 307 gold pieces.

Inventory:

Hand weapons
 f - a +1 short sword of venom
 C - the +5 mace "Beur" (weapon) {elec, *Drain rC+ MP+9 Dex+4}
   (You found it on level 4 of the Dungeon)

   Occasionally, upon striking a foe, it will discharge some electrical energy
   and cause terrible harm.
   It affects your dexterity (+4).
   It protects you from cold.
   It affects your magic capacity (+9).
   It causes draining when unequipped.
Armour
 a - a +0 robe
 k - a +1 pair of gloves (worn)
 B - the cursed +1 robe "Dugiabbo" (worn) {Str+2}
   (You found it on level 5 of the Dungeon)

   It affects your strength (+2).
   It has a curse placed upon it.
 G - a +1 helmet (worn)
Rods
 A - a +0 rod of clouds (13/13)
   (You found it on level 4 of the Dungeon)
Jewellery
 r - an uncursed amulet of resist corrosion {unknown}
 x - an uncursed ring of protection from fire {unknown}
 H - an uncursed amulet of warding {unknown}
Magical devices
 q - a wand of digging (16)
 t - a wand of hasting (2)
Scrolls
 d - a scroll of remove curse {unknown}
 g - 3 scrolls of teleportation {unknown}
 i - 11 scrolls of identify {unknown}
 s - a scroll of enchant weapon {unknown}
 w - a scroll of magic mapping {unknown}
 y - a scroll of fog {unknown}
 z - a scroll of enchant armour {unknown}
 E - 2 scrolls of immolation {unknown}
Potions
 e - 2 potions of lignification
 h - a potion of brilliance {unknown}
 l - a potion of haste {unknown}
 m - a potion of might {unknown}
 n - 2 potions of curing
 o - a potion of magic {unknown}
 p - 2 potions of heal wounds {unknown}
 v - a potion of agility {unknown}
 D - 2 potions of degeneration {unknown}
 F - 2 potions of flight
Books
 b - a book of Necromancy

   Spells                             Type                      Level
   a - Pain                           Necromancy                   1
   b - Animate Skeleton               Necromancy                   1
   c - Vampiric Draining              Necromancy                   3
   d - Regeneration                   Charms/Necromancy            3
   e - Animate Dead                   Necromancy                   4
   f - Control Undead                 Necromancy                   4
Comestibles
 c - 4 bread rations
 j - 2 meat rations
 u - a fruit


   Skills:
 - Level 1.7 Dodging
 - Level 1.7 Stealth
 + Level 5.6 Spellcasting
 * Level 10.3 Necromancy


You had 9 spell levels left.
You knew the following spells:

 Your Spells              Type           Power        Failure   Level  Hunger
a - Pain                  Necr           ####         1%          1    None
b - Animate Skeleton      Necr           N/A          1%          1    None
c - Vampiric Draining     Necr           #####.....   1%          3    ##.....
d - Animate Dead          Necr           N/A          1%          4    ####...


Dungeon Overview and Level Annotations

Branches:
Dungeon (7/15)             Temple (1/1) D:4

Altars:
Ashenzari
Cheibriados
Dithmenos
Elyvilon
Fedhas
Gozag
Makhleb
Nemelex Xobeh
Okawaru
Qazlal
Sif Muna
Trog
Vehumet
Xom
Zin
The Shining One


Innate Abilities, Weirdness & Mutations

You have razor-sharp toenails.
You are partially covered in large bone plates (AC +2, SH +2).
Your flesh is cold resistant.


Message History

You feel as though you will be slow longer.
Your giant frog zombie closely misses the wraith.
The wraith hits you.
* * * LOW HITPOINT WARNING * * *
The wraith drains your vigour!
You feel as though you will be slow longer.
* * * LOW HITPOINT WARNING * * *
You hit the wraith.
The wraith is severely damaged.
Your giant frog zombie misses the wraith. x2
The wraith hits you.
* * * LOW HITPOINT WARNING * * *
The wraith drains your vigour!
You feel as though you will be slow longer.
* * * LOW HITPOINT WARNING * * *
Your giant frog zombie hits the wraith.
The wraith hits you.
* * * LOW HITPOINT WARNING * * *
The wraith drains your vigour!
You feel as though you will be slow longer.
You die...

##...## #.###.# #.#
##)....## #.##..###.#
##.......## #.........#
###.........####....######..
..'.........'...............
#.#..###############.#####.#
#.##.# #8.# #.####
#+#+#+#+###.# #.#
.......@Z'..# #.#
#+#+#+#W##### ..# #$# ###
###


You could see a wraith and a friendly giant frog zombie.

Vanquished Creatures
  A manticore (D:7)
  A sky beast (D:5)
  An ogre (D:7)
  2 phantoms (D:6)
  2 giant frogs
  2 scorpions
  A crimson imp (D:5)
  A hound (D:5)
  2 worker ants
  An orc priest (D:6)
  A giant frog skeleton (D:6)
  An orc wizard (D:5)
  An iguana (D:6)
  A hound zombie (D:3)
  5 gnolls (D:3)
  A hound skeleton (D:5)
  7 adders
  2 shadow imps (D:5)
  An adder zombie (D:5)
  An adder skeleton (D:4)
  A worm (D:2)
  2 giant geckos
  13 orcs
  8 bats
  A giant cockroach (D:1)
  5 goblins
  7 hobgoblins
  2 jackals (D:1)
  3 quokkas
  3 ball pythons
  6 giant newts
  2 jackal skeletons
  A jackal zombie (D:7)
  3 kobolds
  6 rats
98 creatures vanquished.

Vanquished Creatures (collateral kills)
  2 gnolls (D:3)
  2 hobgoblins (D:3)
  A quokka (D:2)
  A rat (D:1)
6 creatures vanquished.

Grand Total: 104 creatures vanquished

Notes
Turn   | Place    | Note
--------------------------------------------------------------
     0 | D:1      | kae the Demonspawn Necromancer began the quest for the Orb.
     0 | D:1      | Reached XP level 1. HP: 13/13 MP: 3/3
   410 | D:1      | Gained mutation: You have sharp toenails. [demonic ancestry]
   410 | D:1      | Reached XP level 2. HP: 19/19 MP: 5/5
   836 | D:1      | Learned a level 1 spell: Animate Skeleton
  1450 | D:2      | Reached skill level 5 in Necromancy
  1450 | D:2      | Reached XP level 3. HP: 21/24 MP: 3/6
  1686 | D:2      | Found a burning altar of Makhleb.
  2524 | D:3      | Reached XP level 4. HP: 16/30 MP: 8/8
  2716 | D:3      | Found a blossoming altar of Fedhas.
  3020 | D:3      | Reached skill level 6 in Necromancy
  3314 | D:3      | Gained mutation: You have razor-sharp toenails. [demonic ancestry]
  3314 | D:3      | Reached XP level 5. HP: 29/35 MP: 2/9
  3739 | D:4      | Got a transparent mace
  3740 | D:4      | Identified the +5 mace "Beur" {elec, *Drain rC+ MP+9 Dex+4} (You found it on level 4 of the Dungeon)
  3764 | D:4      | Found a staircase to the Ecumenical Temple.
  3783 | Temple   | Entered the Ecumenical Temple
  3981 | D:4      | Found a deep blue altar of Sif Muna.
  4068 | D:4      | Found a glowing silver altar of Zin.
  4071 | D:4      | Found a bloodstained altar of Trog.
  4073 | D:4      | Found a snail-covered altar of Cheibriados.
  4396 | D:5      | Entered Level 5 of the Dungeon
  4423 | D:5      | Got a ripped robe
  4452 | D:4      | Identified the cursed +1 robe "Dugiabbo" {Str+2} (You found it on level 5 of the Dungeon)
  4480 | D:5      | Found an opulent altar of Gozag.
  4508 | D:5      | Reached skill level 7 in Necromancy
  4508 | D:5      | Gained mutation: You are partially covered in large bone plates (AC +2, SH +2). [demonic ancestry]
  4508 | D:5      | Reached XP level 6. HP: 39/41 MP: 11/11
  4539 | D:5      | Learned a level 3 spell: Vampiric Draining
  4544 | D:5      | Learned a level 4 spell: Animate Dead
  4569 | D:5      | Noticed a sky beast
  4596 | D:5      | Killed a sky beast
  4906 | D:5      | Reached skill level 8 in Necromancy
  5062 | D:5      | Noticed a troll
  5145 | D:5      | Gained mutation: Your flesh is cold resistant. [demonic ancestry]
  5145 | D:5      | Reached XP level 7. HP: 41/46 MP: 13/13
  5246 | D:6      | Found an iron altar of Okawaru.
  5471 | D:6      | Found a white marble altar of Elyvilon.
  5767 | D:6      | Found a shadowy altar of Dithmenos.
  5799 | D:6      | Reached skill level 9 in Necromancy
  6616 | D:7      | Noticed a manticore
  6627 | D:7      | Killed a manticore
  6627 | D:7      | Reached skill level 5 in Spellcasting
  6627 | D:7      | Reached skill level 10 in Necromancy
  6627 | D:7      | Reached XP level 8. HP: 6/52 MP: 9/16
  7005 | D:7      | Noticed a wraith
  7013 | D:7      | Slain by a wraith

Vault maps used:
D:1:      dpeg_arrival_boxorama
D:2:      old_standard_altar, nrook_mini_backslash
D:3:      nicolae_overflow_crystal_walls
D:4:      minitemple, minmay_temple_entry_trees
D:5:      kennysheep_mini, first_bread
D:6:      elyvilon_altar_4, grunt_dithmenos_shadows, okawaru_trees_2
D:7:      lemuel_mausoleum_altar_kikubaaqudgha
Temple:   circular_temple_6

Action                   |  1- 3 |  4- 6 |  7- 9 || total
-------------------------+-------+-------+-------++-------
Melee: Unarmed           |    13 |       |       ||    13
       Short sword       |    54 |    52 |       ||   106
       Mace              |       |    57 |    70 ||   127
 Cast: Pain              |    29 |    52 |    21 ||   102
       Animate Skeleton  |    10 |     9 |     4 ||    23
       Vampiric Draining |       |       |     5 ||     5
       Animate Dead      |       |       |     1 ||     1
  Use: Potion            |     1 |     5 |       ||     6
 Stab: Sleeping          |     1 |     1 |     2 ||     4
  Eat: Chunk             |     5 |     5 |     7 ||    17
       Beef jerky        |       |     1 |       ||     1
       Fruit             |       |       |     1 ||     1
